[Event "Women Accentus DAQ Blitz 2022"]
[Site "Biel"]
[Date "2022.07.17"]
[Round "6.2"]
[White "Moracchini, Margaux"]
[Black "Keymer, Cecilia"]
[Result "1-0"]
[ECO "C47"]
[WhiteElo "1937"]
[BlackElo "1652"]
[Annotator "TA"]
[PlyCount "140"]
[EventDate "2022.07.17"]
[EventType "tourn"]
[EventCountry "SUI"]
[SourceTitle "playchess.com"]
[Source "ChessBase"]
[SourceQuality "1"]
[TimeControl "180+2"]

1. e4 e5 2. Nf3 Nc6 3. d4 exd4 4. Nxd4 Nf6 5. Nc3 Bb4 6. Nxc6 bxc6 7. Bd3 d5 8. exd5 cxd5 9. O-O O-O 10. Bg5 c6 11. Qf3 Bd6 {[%emt 0:00:01][%cal Bb4d6,Bd6e5,Be5c7][%mdl 32] 11...h6 is the recent fashion.} 12. Bxf6 Qxf6 13. Qxf6 {[%emt 0:00:01] C47: Scotch Four Knights and Four Knights with 4 g3.} gxf6 14. Ne2 Rb8 15. b3 {[%emt 0:00:03] The position is equal.} Be5 {[%emt 0:00:06] A strong pair of Bishops.} 16. Rad1 Be6 17. Ng3 {[%emt 0:00:04] [#]} Rfe8 $146 ({Predecessor:} 17... c5 18. f4 Bd4+ 19. Kh1 Bg4 20. Rde1 Rfe8 21. Rxe8+ Rxe8 22. f5 Bc3 23. Rf4 Bd1 {1-0 (43) Terletsky,O (2313)-Bouget,A (2206) Chess.com INT 2017}) 18. Bf5 c5 19. Bxe6 fxe6 20. Rfe1 Bc7 21. Nh5 Kf7 22. Rd3 Rg8 23. Rf3 Rg6 24. Nf4 Bxf4 25. Rxf4 $11 {[%emt 0:00:01][%mdl 4096] Endgame KRR-KRR} Re8 (25... Rbg8 $11) 26. Ra4 $14 Re7 $1 27. Ra5 Rc7 28. Ra6 f5 ({Better is} 28... e5 $11) 29. f4 Ke7 30. Kf2 Kd7 31. Kf3 $2 {[%emt 0:00:03] White is more active.} (31. g3 $16) 31... Rb7 $2 (31... e5 $1 $17 {[%cal Re5e4] and life is bright.} 32. Ra5 e4+ 33. Kf2 d4) 32. Ra5 (32. Re5 $1 $16) 32... Kc6 $11 33. Ra6+ (33. c4 $11) 33... Kd7 $16 34. Ra5 (34. Re5 $1 $16) 34... Kc6 $11 35. Ra6+ (35. c4 $11) 35... Kd7 $16 {[%cal Oe6e5] [#]} 36. Re5 $1 Rc7 (36... c4 $16) 37. Ra5 (37. h4 $18) 37... Kc8 (37... Kc6 $14) 38. Ra6 (38. c4 $16) 38... Re7 $2 (38... Kd7 $11) 39. Rc6+ Kb7 40. Rxc5 Reg7 41. g3 h5 {[%emt 0:00:03] [#]} 42. Rc3 (42. Ke3 $1 $18) 42... Rg8 (42... h4 $16 {was necessary.}) 43. Rce3 (43. Ke3 $18) 43... Rc8 44. Re2 Rc6 45. R5e3 Kc7 46. Rd3 Rd6 (46... h4 $142) 47. Rc3+ Kd7 48. Kg2 Ra6 49. a4 Rd6 50. Kh3 Rg4 51. Kg2 Rg6 $1 52. Kh3 Rg4 $1 53. Kg2 Rg6 $1 54. Rc5 Rg8 55. Kh3 Rg4 56. Rb5 (56. a5 $18) 56... Kc7 57. Re3 Rc6 {[%emt 0:00:02] Inhibits Rc5.} 58. Re2 ({White should play} 58. c4 $16 dxc4 59. bxc4) 58... a6 59. Rb4 Kd6 (59... Rc3 $11 {remains equal.}) 60. Rb8 ({White should try} 60. Rb7 $16) 60... Rg7 $2 {[%emt 0:00:02] This costs Black the game.} (60... h4 $1 $14) 61. Rd8+ Kc7 62. Rh8 h4 63. Rxh4 ({Don't do} 63. Kxh4 Rg4+ 64. Kh5 Rg7) 63... Kb6 $2 (63... Kd7 {might work better.} 64. Rh6 Rg8) 64. Rh6 $18 Re7 65. Rf6 Rcc7 $2 (65... Ka5 66. Kh4 Rec7) 66. Rfxe6+ {[%emt 0:00:01] White is clearly winning.} Rxe6 67. Rxe6+ Kc5 68. Kg2 Kb4 69. Re2 Ka3 70. h4 Rh7 {[%emt 0:00:02] Weighted Error Value: White=0.42/Black=0.35} 1-0

[Event "Women Accentus DAQ Blitz 2022"]
[Site "Biel"]
[Date "2022.07.17"]
[Round "6.3"]
[White "Ciarletta, Iris"]
[Black "Avilova, Yulia"]
[Result "1-0"]
[ECO "D32"]
[WhiteElo "1717"]
[BlackElo "1646"]
[Annotator "NA COMBH"]
[PlyCount "133"]
[EventDate "2022.07.17"]
[EventType "tourn"]
[EventCountry "SUI"]
[SourceTitle "playchess.com"]
[Source "ChessBase"]
[SourceQuality "1"]
[TimeControl "180+2"]

1. d4 d5 2. c4 e6 3. Nf3 Nf6 4. Nc3 c5 5. cxd5 exd5 6. dxc5 Bxc5 7. e3 Nc6 8. Bb5 a6 9. Bxc6+ bxc6 10. h3 O-O 11. O-O Bb7 12. Bd2 Qc7 13. Ne2 Rfd8 14. Qc2 Bb6 15. Bc3 Ne4 16. Be5 Qe7 17. Bh2 Rac8 18. Nc3 Nf6 19. Rfe1 c5 20. Rad1 Qf8 21. Qb3 Rc6 22. Na4 c4 23. Qc3 Ba7 24. Nd4 Rcc8 25. Qc2 Qb4 26. Nc3 Ne4 27. Nxe4 dxe4 28. Nf5 Qc5 29. Ng3 h6 30. Rxd8+ Rxd8 31. Rd1 Rd5 32. Ne2 Rd3 33. Nf4 Rxd1+ 34. Qxd1 Qc6 35. Bg3 Kh7 36. Ne2 a5 37. Nc3 a4 38. Qxa4 Qxa4 39. Nxa4 Bc6 40. Nc3 Bb6 41. Kf1 f5 42. Be5 Bd8 43. Ne2 g5 44. Nd4 Bb7 45. Nxf5 Kg6 46. Nd4 Ba6 47. Ke1 Ba5+ 48. Kd1 c3 49. bxc3 Bxc3 50. Kc2 Ba1 51. Nc6 Bxe5 52. Nxe5+ Kf5 53. Nd7 Bf1 54. g3 Bxh3 55. Nc5 Ke5 56. Kd2 Bc8 57. Nb3 Kf5 58. Nd4+ Ke5 59. a3 h5 60. Nc6+ Kd6 61. Nd4 h4 62. gxh4 gxh4 63. Ne2 h3 64. Ng3 h2 65. Nxe4+ Ke5 66. Ng3 Bb7 67. Ke2 1-0

[Event "Women Accentus DAQ Blitz 2022"]
[Site "Biel"]
[Date "2022.07.17"]
[Round "6.4"]
[White "Tamrazyan, Gohar"]
[Black "Zhuang, Yongzhe"]
[Result "0-1"]
[ECO "D00"]
[WhiteElo "1916"]
[BlackElo "1838"]
[Annotator "TA"]
[PlyCount "80"]
[EventDate "2022.07.17"]
[EventType "tourn"]
[EventCountry "SUI"]
[SourceTitle "playchess.com"]
[Source "ChessBase"]
[SourceQuality "1"]
[TimeControl "180+2"]

1. d4 d5 2. Nc3 Nf6 3. Bf4 c5 4. e4 Nxe4 5. Nxe4 dxe4 6. dxc5 {D00: 1 d4 d5: Unusual lines.} Qa5+ 7. c3 Qxc5 8. Qa4+ {[%emt 0:00:01] The position is equal.} Nc6 9. Qxe4 Bf5 10. Qa4 e5 11. Be3 Qa5 12. Qxa5 Nxa5 13. O-O-O Be7 14. Nf3 f6 15. Bb5+ Nc6 {[%emt 0:00:04] [#]} 16. Rd2 $146 ({Predecessor:} 16. Bc4 Bd7 17. Rd2 O-O-O 18. Rhd1 Kc7 19. b4 b6 20. Kb2 g5 21. Kb3 Bc8 22. a4 Rxd2 23. Rxd2 {0-1 (33) Solakian Van Eyll,J (2248)-Duboue,P (2426) Chartres 2022}) 16... O-O (16... Be6 $11) 17. Rhd1 a6 (17... Kf7 $11 {keeps the balance.}) 18. Bc4+ $16 Kh8 19. Nh4 Bc8 20. f4 (20. Bd5 $14) 20... exf4 $11 21. Bxf4 {[%emt 0:00:01] [#] White is now going downhill.} (21. Bb6 $11 {and White stays safe.}) 21... g5 $19 22. Bxg5 (22. Bg3 {is more resistant.} gxh4 23. Bxh4) 22... fxg5 23. Nf3 Bg4 24. Bd5 Bc5 25. Kb1 Be3 26. Rd3 $2 (26. Re2 Bf4 27. Ree1) 26... Bf5 27. Kc2 Bxd3+ 28. Rxd3 Bc5 29. Nxg5 Rf2+ 30. Rd2 Rxd2+ 31. Kxd2 Ne5 {[%emt 0:00:09] [#] Threatens to win with ...Rd8.} 32. b4 $2 (32. Kc2) 32... Ba7 $2 (32... Rd8 33. bxc5 Rxd5+ 34. Kc2 Rxc5) 33. Kc2 Kg7 (33... Rb8 $19 {is more deadly. ...Kg7 is the strong threat.} 34. Ne6 b5) 34. Ne6+ $2 (34. Bxb7 $17 {only move.} Rg8 35. Ne6+ Kf6 36. Nc7) 34... Kf6 35. c4 Rc8 36. h3 (36. Kb3 $142) 36... Nxc4 37. Kb3 Nd2+ 38. Ka3 Rc3+ 39. Kb2 Rc8 $2 (39... Rg3 $19 40. Nc5 a5) 40. Bb3 $2 (40. Ka3 $11 Ke5 41. Bxb7) 40... Nxb3 {[%emt 0:00:01] Weighted Error Value: White=0.89/Black=0.59} 0-1

[Event "Women Accentus DAQ Blitz 2022"]
[Site "Biel"]
[Date "2022.07.17"]
[Round "7.1"]
[White "Cornileau, Juliette"]
[Black "Tamrazyan, Gohar"]
[Result "0-1"]
[ECO "D34"]
[WhiteElo "1900"]
[BlackElo "1916"]
[Annotator "TA"]
[PlyCount "130"]
[EventDate "2022.07.17"]
[EventType "tourn"]
[EventCountry "SUI"]
[SourceTitle "playchess.com"]
[Source "ChessBase"]
[SourceQuality "1"]
[TimeControl "180+2"]

1. d4 d5 2. c4 e6 3. Nc3 c5 4. cxd5 exd5 5. Nf3 Nc6 6. g3 Nf6 7. Bg2 Be7 8. O-O O-O 9. Bg5 c4 10. Ne5 Be6 11. Nxc6 bxc6 12. Qc2 {[%emt 0:00:16] D34: Tarrasch Defence: 6 g3 Nf6 7 Bg2 Be7.} Qb6 13. Rad1 {[%emt 0:00:09] [#]} Rad8 $146 ({Predecessor:} 13... Rab8 14. Na4 Qa5 15. Nc3 Qb6 16. Na4 {½-½ (16) Prokop,C (1976)-Mursaniow,J (1859) Niederrhein 1995}) 14. Na4 {[%emt 0:00:07] White is slightly better.} Qa5 15. b3 cxb3 16. axb3 Qc7 17. Bf4 (17. Nc5 $16) 17... Bd6 (17... Qd7 $14) 18. Bxd6 $16 Qxd6 19. Rc1 Bd7 20. Nc5 {[%emt 0:00:03] And now Nb7 would win.} Rc8 21. Ra1 Rc7 22. Ra5 Ra8 23. Rfa1 Be8 24. Bh3 Nd7 25. Bxd7 Bxd7 26. Kg2 {[%emt 0:00:12] Against Bh3+} Qf6 (26... Qe7 $14 {should be considered.}) 27. Nxd7 Rxd7 28. Ra6 Qxd4 29. Qxc6 Rdd8 30. Rc1 ({Better is} 30. R1a4 $16 Qe5 31. e3) 30... Qe4+ $11 31. Kg1 h6 (31... Qxe2 $5 32. Qb7 h6 33. Rxa7 Rxa7 34. Qxa7 d4 $11) 32. Qb7 Qxe2 33. Rxa7 Rxa7 34. Qxa7 {[%emt 0:00:01][%mdl 4096] Endgame KQR-KQR} Qb2 35. Qc7 Rf8 36. Qc2 Qxc2 37. Rxc2 {[%emt 0:00:01] KR-KR} Rb8 38. Rd2 Rb5 39. Rd3 Kf8 40. Kg2 Ke7 41. Kf3 Ke6 42. Re3+ Kd6 43. Rd3 Ke5 44. Ke3 {[%emt 0:00:02] Against d4+} d4+ 45. Ke2 (45. Rxd4 $11 {keeps the balance.} Rxb3+ 46. Rd3 Rxd3+ 47. Kxd3) 45... g5 ({Black should play} 45... h5 $17) 46. h3 {[%emt 0:00:03] [#]} (46. g4 $1 $11 {was the only way to keep the balance.}) 46... f5 $1 $17 47. Kf3 {[%emt 0:00:03] [#]} (47. g4 $17) 47... h5 $1 $19 48. h4 $2 (48. Ke2) 48... g4+ 49. Ke2 Ke4 50. Kd2 f4 (50... Ra5 $142 51. Ke2 Ra3) 51. gxf4 Rb4 $2 (51... Ra5 $19 {( -> ...Ra2+)} 52. Ke2 Ra2+ 53. Rd2 d3+ 54. Ke1 Ra3) 52. Ke2 $15 Kxf4 53. Kd2 $2 (53. f3 $1 $15) 53... Ke4 (53... Rb5 $19 {and Black stays clearly on top. Hoping for ...Ke4.} 54. Ke2 (54. Rxd4+ $2 Kf3 $19) 54... Re5+ 55. Kd2 Ke4) 54. Rg3 $2 (54. Ke2 $17) 54... Rb6 55. Kc2 Rf6 56. Rg2 Kf3 57. Rg3+ Kxf2 58. Rd3 Rd6 (58... Rc6+ $142 59. Kb2 g3 60. Rxd4 g2 61. Rd2+ Kg3 62. Rd1 Kxh4 63. Ka3 Rg6 64. Rg1 Kg3 65. Rc1 h4 66. Rc3+ Kh2 67. Rc2 h3 68. Kb4 Kh1 69. Rc5 g1=Q 70. Rd5 Qb6+ 71. Ka3 Rg1 72. Kb2 Qc6 73. Ka3 Qxd5 74. Kb4 Rg4+ 75. Ka3 Qa5+ 76. Kb2 Rg2+ 77. Kc1 Qe1#) 59. b4 g3 60. Rd2+ Kf1 61. Rd1+ Kf2 62. Rd2+ Kg1 {[%emt 0:00:02] Black mates.} 63. Rd1+ Kh2 64. Rd2+ g2 65. Kd1 Kh1 {[%emt 0:00:02] Weighted Error Value: White=0.86/Black=0.57} 0-1

[Event "Women Accentus DAQ Blitz 2022"]
[Site "Biel"]
[Date "2022.07.17"]
[Round "7.3"]
[White "Avilova, Yulia"]
[Black "Moracchini, Margaux"]
[Result "1-0"]
[ECO "E94"]
[WhiteElo "1646"]
[BlackElo "1937"]
[Annotator "TA"]
[PlyCount "101"]
[EventDate "2022.07.17"]
[EventType "tourn"]
[EventCountry "SUI"]
[SourceTitle "playchess.com"]
[Source "ChessBase"]
[SourceQuality "1"]
[TimeControl "180+2"]

1. Nf3 Nf6 2. c4 g6 3. d4 d6 4. Nc3 Bg7 5. e4 O-O 6. Be2 e5 7. d5 a5 8. O-O Na6 9. Rb1 Nc5 10. Nd2 Ne8 11. a3 f5 {[%emt 0:00:03] E94: King's Indian: Classical: 6 Be2 e5 7 0-0: Various Black 7th moves.} 12. f3 (12. b4 $5 Nxe4 13. Ndxe4 (13. Ncxe4 fxe4 14. Nxe4 Nf6 $11) 13... axb4 14. Bg5 $11 (14. axb4 fxe4 15. Nxe4 Nf6 $11)) 12... Nf6 13. b4 axb4 {[%emt 0:00:01] White has an edge.} 14. axb4 Ncd7 15. Nb3 {[%emt 0:00:03] [#]} Nh5 $146 ({Predecessor:} 15... b6 16. c5 f4 17. c6 Nb8 18. b5 g5 19. Ra1 Rxa1 20. Nxa1 h5 21. Kf2 g4 {1-0 (35) Yilmaz,E-Schulze Wierling,P Germany 1995}) 16. Be3 Nf4 17. c5 Qg5 {[%emt 0:00:10][%csl Gf4][%cal Rg5g2] [#]} 18. Bxf4 exf4 19. Nb5 (19. Nd4 $14) 19... Qd8 ({Resist} 19... Ra2 20. Nc1 Rxe2 21. Nxe2 fxe4 22. Ned4 (22. cxd6 exf3 23. Rxf3 Ne5 $11) 22... Qxd5 23. fxe4 $16) (19... fxe4 $11 20. Nxc7 {[#]} Nf6 $1 21. fxe4 (21. Nxa8 Bh3 $11) 21... Ra2) 20. c6 ({Much worse is} 20. cxd6 cxd6 21. Kh1 Nf6 $11) (20. exf5 $14 Rxf5 21. N3d4) 20... bxc6 $1 $15 21. dxc6 Nb6 22. N3d4 fxe4 23. fxe4 Kh8 24. Qb3 Qe7 25. Bf3 Be5 26. Ra1 (26. Rbd1 $15) 26... Rxa1 (26... Ba6 $17 {Threatens to win with ...Bxb5.} 27. Rxa6 Rxa6) 27. Rxa1 g5 (27... Qf6 $15 28. Rd1 Ba6) 28. Ra7 $2 (28. h3 $1 $11) 28... Qg7 $2 (28... g4 $19 {And now ...d5 would win.} 29. Qd3 d5 30. exd5 Qxb4 31. Rxc7 (31. Qe4 $2 Nc4 $19) 31... Bxc7 32. Nxc7 Qe1+ 33. Qf1 Qe5) 29. Rxc7 $2 Bxd4+ $19 30. Kf1 $2 (30. Kh1 Qf6 31. Nxd4 Qxd4 32. Qd1 Qxd1+ 33. Bxd1) 30... Qe5 31. Qd3 (31. Be2 $142 d5 32. Qd3) 31... Be6 $4 32. Qxd4 $18 Bc4+ $2 (32... g4) 33. Be2 Bxe2+ 34. Kxe2 Qxd4 35. Nxd4 {[%emt 0:00:01][%mdl 4096] Endgame KRN-KRN} Re8 36. Kf3 Nc4 37. Nb3 $2 (37. Nf5) 37... h5 $2 (37... Ne5+ 38. Ke2 Nxc6) 38. h3 Ne5+ 39. Ke2 Nc4 $2 (39... Nxc6 40. Rxc6 Rxe4+ 41. Kd3 Rxb4) 40. Kd3 Ne5+ 41. Kd4 f3 42. gxf3 Nxf3+ 43. Ke3 Ne5 44. b5 Nc4+ 45. Kd4 Ne5 46. b6 Nf3+ 47. Ke3 {[%emt 0:00:01] White mates.} g4 48. hxg4 hxg4 49. b7 Ne5 50. Rc8 Nc4+ 51. Kd4 {[%emt 0:00:01] Weighted Error Value: White=0.99/Black=0.75} 1-0

[Event "Women Accentus DAQ Blitz 2022"]
[Site "Biel"]
[Date "2022.07.17"]
[Round "7.4"]
[White "Keymer, Cecilia"]
[Black "Sumarriva Paulin, Laura"]
[Result "0-1"]
[ECO "D27"]
[WhiteElo "1652"]
[BlackElo "1913"]
[Annotator "TA"]
[PlyCount "110"]
[EventDate "2022.07.17"]
[EventType "tourn"]
[EventCountry "SUI"]
[SourceTitle "playchess.com"]
[Source "ChessBase"]
[SourceQuality "1"]
[TimeControl "180+2"]

1. d4 d5 2. c4 dxc4 3. Nf3 Nf6 4. e3 e6 5. Bxc4 c5 6. O-O Nc6 7. a3 a6 8. dxc5 Bxc5 9. Qxd8+ Kxd8 10. Nc3 {[%emt 0:00:03] D27: Queen's Gambit Accepted: Classical main line: 7 e4!? and 7 a4.} b5 11. Be2 Ke7 12. b4 {[%emt 0:00:02] The position is equal.} Bb6 ({Better is} 12... Bd6 $11) 13. Bb2 Bb7 14. Rac1 Rhd8 15. Rfd1 Rac8 {[%emt 0:00:03] [#]} 16. Bd3 $146 ({Predecessor:} 16. h3 Bc7 17. Kf1 Bb8 18. Nb1 Ne8 19. Nbd2 f6 20. Nb3 Bd6 21. Nc5 Bxc5 22. Rxd8 Nxd8 23. Rxc5 Rxc5 24. bxc5 {0-1 (60) Petricevic,M (1578)-Karlusic,L (1739) Trogir 2018}) 16... h6 17. Ne2 Rd7 18. Bc2 Rcd8 19. Ned4 Nxd4 20. Nxd4 Ne8 21. Bb3 Bd5 22. Bxd5 Bxd4 23. Bxd4 Rxd5 24. Bc5+ Kf6 25. Rxd5 Rxd5 $11 {[%emt 0:00:02][%mdl 4096] Endgame KRB-KRN} 26. Bd4+ e5 27. Bb2 Ke7 28. g3 f6 29. Rc6 ({White should try} 29. Bc3 $15) 29... Rd6 30. Rxd6 Nxd6 $17 {[%emt 0:00:01] KB-KN} 31. Kf1 (31. f3 $17) 31... Nc4 $19 32. Bc1 Kd6 $2 (32... e4 $1 $19 33. h3 Ke6) 33. Ke2 $2 (33. e4 $1 $11 {and White has nothing to worry.}) 33... Kd5 {[%emt 0:00:08] ...e4 is the strong threat.} 34. Kd3 $2 {[%emt 0:00:02] [#]} (34. f3 {was the crucial defense.}) 34... e4+ $1 35. Kc3 f5 36. Kb3 Ne5 $2 (36... g5 $19 {aiming for ...g4.} 37. h3 Ne5) 37. a4 $2 (37. Bb2 $15) 37... Nd3 38. axb5 (38. Bd2 $142 Nxf2 39. axb5 axb5 40. Kc3) 38... Nxc1+ {[%emt 0:00:05] KN-KP} 39. Kb2 {[%emt 0:00:06] [#]} Nd3+ (39... axb5 $142 $1 40. Kc3 (40. Kxc1 Kc4) 40... Ne2+ 41. Kb3 Ng1) 40. Kc3 axb5 {[%emt 0:00:02] Black mates.} 41. Kb3 Nxf2 42. Kc3 Nd3 43. Kb3 Ne5 44. Kc3 Ng4 45. Kd2 Kc4 46. h3 Ne5 47. Kc2 Kxb4 {[%emt 0:00:02] KN-K3P} 48. Kb2 Nd3+ 49. Kc2 Kc4 50. Kd2 b4 51. g4 fxg4 52. hxg4 b3 53. Kd1 Kc3 54. g5 b2 55. g6 b1=Q+ {[%emt 0:00:03] Weighted Error Value: White=0.97/Black=0.52} 0-1

[Event "Women Accentus DAQ Blitz 2022"]
[Site "Biel"]
[Date "2022.07.17"]
[Round "8.1"]
[White "Cornileau, Juliette"]
[Black "Zhuang, Yongzhe"]
[Result "1/2-1/2"]
[ECO "D20"]
[WhiteElo "1900"]
[BlackElo "1838"]
[Annotator "TA"]
[PlyCount "108"]
[EventDate "2022.07.17"]
[EventType "tourn"]
[EventCountry "SUI"]
[SourceTitle "playchess.com"]
[Source "ChessBase"]
[SourceQuality "1"]
[TimeControl "180+2"]

1. d4 d5 2. c4 dxc4 3. e4 b5 4. a4 c6 5. b3 e5 6. d5 {[%emt 0:00:17] [#] D20: Queen's Gambit Accepted: 3 e3 and 3 e4.} (6. axb5 $11 cxb5 7. Nf3) 6... cxd5 $146 ({Predecessor:} 6... Qh4 7. Qf3 cxd5 8. axb5 Nf6 9. bxc4 Nxe4 10. Ba3 Bxa3 11. Nxa3 Qe7 12. Nc2 Bb7 13. cxd5 Bxd5 {0-1 (24) Urh,Z (2216)-Efroimski,M (2446) Iasi 2021}) 7. exd5 Nf6 (7... Bb4+ $17 8. Bd2 Bc5) 8. bxc4 {[%emt 0:00:14] Black is slightly better.} bxc4 9. Bxc4 Bb4+ 10. Bd2 Bxd2+ 11. Qxd2 Bb7 12. Nc3 O-O 13. Nge2 Nbd7 14. O-O Nb6 15. Ba2 Nbxd5 ({Of course not} 15... Bxd5 16. Nxd5 Nbxd5 17. Rad1 $11) 16. Nxd5 (16. Rfb1 $15 {might be stronger.} Nxc3 17. Qxc3) 16... Nxd5 17. Rab1 {[%emt 0:00:03] [#]} (17. Rfd1 $15 Nf6 18. Qe3) 17... Bc6 (17... Nf4 $1 $17 18. Rfd1 (18. Qxd8 Nxe2+) 18... Be4) 18. Rfc1 {[%emt 0:00:04] [#]} Ne7 (18... Nf4 $1 $17 19. Qc2 Bxg2 20. Nxf4 Bf3) 19. Qg5 Bxa4 (19... Qd6 $15) 20. Qxe5 $11 Ng6 21. Qe4 Bd7 22. Qf3 (22. Rd1 $11 {remains equal.}) 22... Qg5 ({Black should try} 22... a5 $17) 23. Qg3 (23. Bxf7+ $11 Kh8 24. Qd5) 23... Qa5 24. Bc4 Bf5 $2 (24... Rac8 $15 {keeps the upper hand.} 25. Bb3 Rxc1+ 26. Rxc1 Re8) 25. Ra1 $2 ({Only move:} 25. Rb5 $18 Qd2 26. Rxf5) 25... Qd8 26. Rd1 Qf6 27. Bd5 Rad8 {[%emt 0:00:02][%cal Od8d5] Strongly threatening ...Rxd5!} 28. Bf3 (28. Qc3 $15) 28... Rxd1+ 29. Rxd1 a5 (29... Rd8 $17 30. Nc3 Be6) 30. Nf4 (30. Qd6 $15) 30... Nxf4 (30... Bc2 $19 31. Nxg6 hxg6) 31. Qxf4 $17 h6 (31... Rc8 $17 32. h4 Be6 33. Qxf6 gxf6) 32. g4 $15 Bc2 33. Qxf6 gxf6 {[%emt 0:00:01][%mdl 4096] Endgame KRB-KRB} 34. Rd2 (34. Rd7 $15) 34... Bb3 $17 {[%emt 0:00:03] Hoping for ...a4.} 35. Bd5 $2 {[%emt 0:00:05] [#]} (35. Rd6 $17 {is a better defense.}) 35... a4 $1 $19 36. Bxb3 $2 (36. Kg2 Bxd5+ 37. Rxd5) 36... axb3 {[%emt 0:00:01] KR-KR} 37. Rb2 Rb8 38. Kg2 Kg7 39. Kf3 Kg6 40. Kf4 Rb4+ 41. Kf3 h5 $2 (41... Kg5 {aiming for ...Kh4.} 42. h3 f5 43. gxf5 Kxf5) 42. h3 $2 (42. gxh5+ Kxh5 43. Ke3) 42... h4 43. Ke3 Kg5 $2 ({Black should play} 43... f5 $19 44. f3 Kg5) 44. f4+ $1 $11 {[%emt 0:00:02] The position is equal.} Rxf4 {[%emt 0:00:06] White must now prevent ...Rb4.} (44... Kh6 $5 45. f5 Kg7 $11) 45. Rxb3 Rf1 46. Rb5+ $1 Kg6 47. Rh5 Rg1 48. Rxh4 Rg3+ 49. Kf4 Ra3 50. Rh8 Kg7 51. Rh5 Kg6 52. Rh8 Kg7 53. Rh5 Kg6 54. Rh8 Kg7 {[%emt 0:00:01] Whites escaped into a draw.  Weighted Error Value: White=0.62/Black=0.48} 1/2-1/2

[Event "Women Accentus DAQ Blitz 2022"]
[Site "Biel"]
[Date "2022.07.17"]
[Round "8.2"]
[White "Tamrazyan, Gohar"]
[Black "Avilova, Yulia"]
[Result "0-1"]
[ECO "D00"]
[WhiteElo "1916"]
[BlackElo "1646"]
[Annotator "TA"]
[PlyCount "122"]
[EventDate "2022.07.17"]
[EventType "tourn"]
[EventCountry "SUI"]
[SourceTitle "playchess.com"]
[Source "ChessBase"]
[SourceQuality "1"]
[TimeControl "180+2"]

1. d4 d5 2. Nc3 e6 3. Bf4 c5 4. e4 cxd4 5. Qxd4 Nc6 6. Bb5 {[%emt 0:00:01] D00: 1 d4 d5: Unusual lines.} (6. Qa4 $11 Bb4 7. exd5 exd5 8. Bb5 Bxc3+ 9. bxc3) 6... Bd7 $15 7. Bxc6 {[%emt 0:00:05] [#]} Bxc6 $146 ({Predecessor:} 7... bxc6 8. e5 Rb8 9. Rb1 Qb6 10. Qxb6 axb6 11. Nf3 Ra8 12. a3 c5 13. O-O Bc6 {0-1 (46) Vishwa,V (2034)-Celik,H (2173) Novi Sad 2021}) 8. exd5 {[%emt 0:00:39] The position is equal.} exd5 (8... Ne7 $1 $11) 9. O-O-O {[%emt 0:00:09] Threatens to win with Nf3.} Nf6 10. Nf3 Be7 11. Rhe1 O-O 12. Bg5 h6 13. Bh4 b6 ({Black should try} 13... Re8 $14) 14. Ne5 $36 {[%emt 0:00:10][%mdl 2048] White is on the roll.} Bb7 15. g4 (15. Ng4 $16 {[%cal Oe1e7] aiming for Rxe7!} Ne4 16. Bxe7 (16. Nxd5 Bxh4 17. Rxe4 Kh7 $14) 16... Qxe7 17. Nxd5 Qg5+ 18. f4 Qxg4 19. Qxe4 Bxd5 20. Rxd5) 15... Bc5 {[%emt 0:00:01] [#]} (15... Ne4 $1 $11 16. Bxe7 (16. Nxd5 Bxd5 17. Qxd5 Bg5+ 18. Bxg5 Qxg5+ 19. f4 Qxf4+ 20. Kb1 Nf6 $11) 16... Qxe7) 16. Qf4 $1 $16 {[%emt 0:00:02] Hoping for g5.} Qd6 (16... Be7 $16 {was necessary.}) 17. Bxf6 (17. Nb5 $18 Qd8 18. Bxf6 Qxf6 19. Qxf6 gxf6 20. Nd7) 17... Qxf6 (17... gxf6 $14 18. Nd3 Qxf4+ 19. Nxf4 Bxf2) 18. Qxf6 gxf6 19. Nd7 Rfd8 20. Nxf6+ Kg7 21. Nfxd5 ({Don't play} 21. Ncxd5 Bxf2 22. Re7 Ba6 $14) 21... Bxf2 22. Rf1 (22. Re7 $16 Bxd5 23. Nxd5 (23. Rxd5 Re8 $16)) 22... Bh4 $14 23. Nc7 (23. Kb1 $14) 23... Bg5+ {[%emt 0:00:05] A strong pair of Bishops.} 24. Kb1 Rac8 25. Rxd8 (25. N7b5 $11) 25... Bxd8 $2 (25... Rxd8 $17 {and life is bright.} 26. Rf2 Be3) 26. N7d5 (26. Ne8+ $16 Kg6 27. Nd6) 26... Bg5 $11 27. a3 Rd8 28. Nf4 Ba6 {[%emt 0:00:05][%mdl 1024] Black has compensation.} (28... Rd4 $5 29. Nd3 Rxg4 $15) 29. Rf3 Rd4 30. Nce2 (30. Nh5+ $11 Kf8 31. h3) 30... Re4 (30... Rd1+ $17 31. Ka2 Bc4+ 32. b3 Bxe2 33. Nxe2 Rd2) 31. Nh5+ Kf8 32. Neg3 (32. Nef4 $11 {remains equal.}) 32... Re1+ ({Better is} 32... Rxg4 $17 {...Rh4 is the strong threat.} 33. Nf6 Bb7) 33. Ka2 Bb7 34. Rd3 Bc8 {[%emt 0:00:10] And now ...Be6+ would win.} 35. h3 Be6+ 36. b3 Rg1 (36... b5 $11) 37. a4 ({White should play} 37. Ne4 $14) 37... Rg2 38. Kb2 Bh4 39. Kc3 Be7 40. Ne4 Kg8 (40... Re2 $16 41. Nhg3 Rg2) 41. Nhf6+ (41. Nf4 $18 Rh2 42. Nxe6 fxe6 43. Rd7 Rxh3+ 44. Kd4) 41... Kh8 42. Nd5 Bh4 (42... Bf8 $16 43. Ndf6 Be7) 43. Kb2 $2 (43. Nf4 $18 Rh2 44. Nxe6) 43... f5 44. gxf5 Bxf5 45. Re3 Bg5 46. Nxg5 hxg5 $14 {[%emt 0:00:01][%mdl 4096] Endgame KRB-KRN} (46... Rxc2+ $11 47. Ka3 hxg5) 47. Re5 (47. Re8+ $16 Kg7 48. Ne3) 47... Bxc2 $11 48. Ka3 Bd3 49. Re7 Rg3 50. Nf6 Rxh3 51. Rxa7 Bf5 52. Rb7 g4 53. Rxb6 g3 54. Nd5 $2 (54. a5 $11) 54... g2 $19 55. Rb8+ Kg7 56. Rb7+ Kh6 57. Rb6+ Kg5 58. Rb8 g1=Q 59. Rg8+ Bg6 {[%emt 0:00:01] [#] ( -> ...Qc5+)} 60. Ne7 Qa1+ 61. Kb4 Qe1+ {[%emt 0:00:09] Quite a comeback for Black.  Weighted Error Value: White=0.60/Black=0.36} 0-1